 Dungeon Crawl Stone Soup version 0.22-a0-571-g4a923d4 (webtiles) character file.

1071 Hebeh the Chopper (level 8, -13/70 HPs)
             Began as a Minotaur Fighter on July 1, 2018.
             Mangled by a yak (14 damage)
             ... on level 5 of the Dungeon.
             The game lasted 00:09:06 (3498 turns).

Hebeh the Chopper (Minotaur Fighter)                Turns: 3498, Time: 00:09:06

Health: -13/70     AC:  7    Str: 23    XL:     8   Next: 7%
Magic:  7/7        EV:  8    Int:  5    God:
Gold:   256        SH: 10    Dex: 10    Spells: 7/7 levels left

rFire    + . .     SeeInvis +   z - +2 whip (flame)
rCold    x . .     Gourm    .   c - +0 shield
rNeg     . . .     Faith    .   b - +0 scale mail
rPois    .         Spirit   .   (helmet restricted)
rElec    .         Reflect  .   (no cloak)
rCorr    .         Harm     .   (no gloves)
MR       .....                  (no boots)
Stlth    ..........             (no amulet)
HPRegen  0.21/turn              m - ring of fire
MPRegen  0.10/turn              v - ring of see invisible

@: no status effects
A: retaliatory headbutt, horns 2
a: no special abilities


You were on level 5 of the Dungeon.
You were hungry.

You visited 1 branch of the dungeon, and saw 5 of its levels.

You collected 256 gold pieces.

Inventory:

Hand Weapons
 a - a +0 war axe
 g - a +4 whip
 z - a +2 whip of flaming (weapon)
Armour
 b - a +0 scale mail (worn)
 c - a +0 shield (worn)
Jewellery
 m - a ring of fire (left hand)
 o - an uncursed ring of protection from cold
 s - an uncursed ring of protection from magic
 v - a ring of see invisible (right hand)
Wands
 A - a wand of disintegration (8)
Scrolls
 e - 5 scrolls of fear {unknown}
 h - 2 scrolls of fog {unknown}
 i - 2 scrolls of remove curse {unknown}
 j - 4 scrolls of enchant armour {unknown}
 l - 3 scrolls of identify {unknown}
 r - 3 scrolls of amnesia {unknown}
 t - 2 scrolls of noise {unknown}
 u - 3 scrolls of teleportation {unknown}
 x - a scroll of blinking {unknown}
Potions
 d - a potion of might
 k - a potion of heal wounds {unknown}
 n - a potion of curing {unknown}
 p - 2 potions of brilliance {unknown}
 q - a potion of agility {unknown}
 w - a potion of degeneration {unknown}
Comestibles
 f - 8 rations
 B - 2 chunks of flesh


   Skills:
 + Level 6.2 Fighting
 + Level 6.7(7.1) Axes
 + Level 3.1(5.3) Maces & Flails
 + Level 6.1 Armour
 + Level 6.2 Shields


You had 7 spell levels left.
You didn't know any spells.
Your spell library was empty.

Dungeon Overview and Level Annotations

Branches:
Dungeon (5/15)
 Temple: D:4-7

Altars:
Elyvilon


Innate Abilities, Weirdness & Mutations

You reflexively headbutt those who attack you in melee.
You have a pair of horns on your head.


Message History

The yak is moderately wounded.
The yak gores you!
* * * LOW HITPOINT WARNING * * *
You barely miss the yak. Your headbutt misses the yak.
The yak is moderately wounded.
The yak gores you but does no damage.
You hit the yak. You burn the yak.
The yak is heavily wounded.
You block the yak's attack.
You hit the yak. You burn the yak.
The yak is severely wounded.
You closely miss the yak. You headbutt the yak.
The yak is severely wounded.
The yak completely misses you.
You hit the yak. You burn the yak.
The yak is severely wounded.
The yak gores you!
* * * LOW HITPOINT WARNING * * *
The yak gores you!
You die...

#..............<......<# #
#.....####.##.#.##.....#.##
#.....# #..#......#.......
#.....# ##.#...###......#
#.....# ###.#...##.<.#.
#.....###.......#...##
#########..#.##.....##
#......##........####
#......##..#.###@#
#..........#..##Y#
#......######.##Y# .......#
#..gY# #####
#......#########o######......
...............ggo(Yo()......
................go...........
.............................
≈≈≈≈≈≈≈≈≈≈≈≈≈≈≈≈≈≈≈≈≈≈......≈


You could see 3 yaks, 2 gnolls, 3 orcs, a hobgoblin and a goblin.

Vanquished Creatures
  Sigmund (D:3)
  An ice beast (D:5)
  A phantom (D:4)
  2 ogres (D:4)
  2 hounds
  A bullfrog skeleton (D:3)
  An iguana (D:4)
  4 worker ants
  Natasha (thrice) (D:3)
  5 orc wizards
  4 gnolls (D:3)
  2 adders
  An ooze (D:2)
  A worm (D:2)
  3 dart slugs
  13 orcs
  6 ball pythons
  5 bats
  4 giant cockroaches
  7 goblins
  10 hobgoblins
  10 jackals
  5 kobolds
  3 frilled lizards
  4 rats
99 creatures vanquished.

Notes
Turn   | Place    | Note
-------+----------+-------------------------------------------
     0 | D:1      | Hebeh the Minotaur Fighter began the quest for the Orb.
     0 | D:1      | Reached XP level 1. HP: 19/19 MP: 0/0
   250 | D:1      | Reached XP level 2. HP: 25/27 MP: 1/1
   696 | D:2      | Reached XP level 3. HP: 27/33 MP: 2/2
   998 | D:2      | Reached XP level 4. HP: 38/40 MP: 3/3
  1449 | D:3      | Noticed Natasha
  1452 | D:3      | Killed Natasha
  1494 | D:3      | Reached XP level 5. HP: 47/47 MP: 4/4
  1561 | D:3      | Noticed Sigmund
  1571 | D:3      | Killed Sigmund
  1571 | D:3      | Reached skill level 5 in Axes
  1571 | D:3      | Reached XP level 6. HP: 55/55 MP: 5/5
  1633 | D:3      | Reached skill level 5 in Shields
  1638 | D:3      | Reached skill level 5 in Fighting
  1641 | D:3      | Reached skill level 5 in Armour
  1681 | D:3      | Found a white marble altar of Elyvilon.
  1754 | D:3      | Noticed Natasha
  1769 | D:3      | Killed Natasha
  1879 | D:3      | Noticed Natasha
  1886 | D:3      | Killed Natasha
  2177 | D:4      | Reached skill level 1 in Maces & Flails
  2177 | D:4      | Reached XP level 7. HP: 38/61 MP: 6/6
  3349 | D:5      | Entered Level 5 of the Dungeon
  3451 | D:5      | Reached XP level 8. HP: 70/70 MP: 7/7
  3498 | D:5      | HP: 1/70 [yak (10)]
  3498 | D:5      | Mangled by a yak

Vault maps used:
D:1:      ncdulo_wetmaze
D:2:      serial_co_window_serial, co_window_paths_a, co_window_paths_a,
          co_window_corner_a, co_window_of_opportunity_a,
          co_window_of_opportunity_a, co_window_2corner,
          co_window_unsneaky_path_a, co_window_of_opportunity_c,
          co_window_2corner, glass_columns_c, glass_columns_b, glass_columns_a,
          glass_columns_a, glass_columns_b, first_ration, minmay_tetromino_s2
D:3:      lemuel_round_altar, minmay_item_behind_shaft, uniq_sigmund,
          uniq_natasha
D:4:      minmay_hedge_maze
D:5:      minmay_goblin_kobold_castle, minmay_temple_entry_glass,
          uniq_blork_the_orc

Skill      XL: |  1  2  3  4  5  6  7 |
---------------+----------------------+-----
Axes           | 3 4 5 6 |  6.7
Fighting       | 4 5 6 |  6.2
Armour         | 4 5 6 |  6.1
Shields        | 4 5 6 |  6.2
Maces & Flails | 1 3 |  3.1

Action                   |  1- 3 |  4- 6 |  7- 9 || total
-------------------------+-------+-------+-------++-------
Melee: War axe           |    62 |    94 |       ||   156
       Headbutt          |     8 |    17 |    23 ||    48
       Whip              |       |     8 |   125 ||   133
  Eat: Chunk             |       |     4 |     4 ||     8
Armor: Scale mail        |    27 |    42 |    32 ||   101
Dodge: Dodged            |    17 |    31 |    26 ||    74
Block: Shield            |    28 |    43 |    60 ||   131

Table legend:
 A = Spawn XP
 B = Non-spawn XP
 C = Spawn XP percentage of total XP
 D = Spawn monster count
 E = Non-spawn monster count
 F = Spawn count percentage of total count
 G = Total turns spent on level
                    A         B        C        D         E        F      G
               +---------+---------+-------+---------+---------+-------+---------
         Total |       0 |    1530 |   0.0 |       0 |      99 |   0.0 |  3498
               +---------+---------+-------+---------+---------+-------+---------
           D:1 |       0 |      31 |   0.0 |       0 |      16 |   0.0 |   643
           D:2 |       0 |      80 |   0.0 |       0 |      16 |   0.0 |   775
           D:3 |       0 |     512 |   0.0 |       0 |      34 |   0.0 |   690
           D:4 |       0 |     735 |   0.0 |       0 |      27 |   0.0 |  1241
           D:5 |       0 |     172 |   0.0 |       0 |       6 |   0.0 |   149
               +---------+---------+-------+---------+---------+-------+---------
